 Dungeon Crawl Stone Soup version 0.31-a0-981-geadf994542 (webtiles) character file.

Game seed: 7638402119617041445

75 Persephone the Chopper (level 4, -5/35 HPs)
             Began as a Demonspawn Berserker on Oct 31, 2023.
             Was a Believer of Trog.
             Killed from afar by Sigmund (6 damage)
             ... with a magic dart
             ... on level 2 of the Dungeon.
             The game lasted 00:01:45 (1109 turns).

Persephone the Chopper (Demonspawn Berserker)       Turns: 1109, Time: 00:01:45

Health: -5/35      AC:  6    Str: 19    XL:     4   Next: 11%
Magic:  4/4        EV: 12    Int:  8    God:    Trog [**....]
Gold:   96         SH:  0    Dex: 13    Spells: 3/3 levels left

rFire   + . .        a - +0 hand axe
rCold   + . .        (no shield)
rNeg    . . .        d - +0 scale mail
rPois   .            (no helmet)
rElec   .            e - scarf {rC+ rF+}
rCorr   .            (no gloves)
SInv    .            (no boots)
Will    .....        (no amulet) Stlth
                     (no ring)
HPRegen 0.25/turn    (no ring)
MPRegen 0.09/turn

%: no passive effects
@: no status effects
A: repulsion field 1, demonic magic 1
a: Renounce Religion, Berserk, Trog's Hand


You were on level 2 of the Dungeon.
You worshipped Trog.
Trog was pleased with you.
You visited 1 branch of the dungeon, and saw 2 of its levels.

You collected 96 gold pieces.

Inventory:

Hand Weapons
 a - a +0 hand axe (weapon)
Armour
 d - a +0 scale mail (worn)
 e - a scarf of resistance (worn)
Jewellery
 c - an amulet of reflection
Scrolls
 b - 2 scrolls of identify {unknown}
 f - a scroll of enchant weapon {unknown}
 h - 2 scrolls of teleportation {unknown}


   Skills:
 - Level 3.0 Fighting
 + Level 4.5 Axes
 - Level 1.7 Armour
 - Level 1.7 Dodging


You had 3 spell levels left.
You didn't know any spells.
Your spell library was empty.

Dungeon Overview and Level Annotations

Branches:
Dungeon (2/15)

Altars:

Annotations:
D:2 Sigmund


Innate Abilities, Weirdness & Mutations

You are surrounded by a mild repulsion field. (EV +2)
Spells you cast may paralyse adjacent enemies.


Message History

Sigmund zaps a wand.
The puff of flame hits you. You resist. The gnoll hits you but does no damage.
You hit Sigmund.
Sigmund is severely wounded.
Sigmund casts a spell at you. The puff of flame misses you.
The gnoll hits you from afar with a +0 spear.
You miss Sigmund.
Sigmund is severely wounded.
Sigmund points at you and mumbles some strange words.
You are more confused.
The gnoll hits you from afar with a +0 spear.
* * * LOW HITPOINT WARNING * * *
You hit Sigmund but do no damage.
Sigmund is severely wounded.
Sigmund hits you with a +0 scythe.
* * * LOW HITPOINT WARNING * * *
The gnoll hits you but does no damage.
You bump into the rock wall.
The gnoll barely misses you. Sigmund hits you with a +0 scythe.
* * * LOW HITPOINT WARNING * * *
You bump into the rock wall.
The gnoll hits you but does no damage.
You aren't carrying any potions.
You are too confused!
You are too confused!
You bump into the rock wall.
Sigmund hits you but does no damage. The gnoll completely misses you.
You're too confused to move!
The gnoll barely misses you. Sigmund hits you with a +0 scythe.
* * * LOW HITPOINT WARNING * * *
Okay, then.
You bump into the rock wall.
You feel less confused. The gnoll hits you but does no damage.
You closely miss Sigmund.
Sigmund is severely wounded.
Sigmund points at you and mumbles some strange words.
The magic dart hits you.
You die...
Sigmund begins carving another notch in his scythe.

.....###....# ...
###...##....# #.#
....#)##....# #.#
#####.##....# #.#
#)##....# #.# #.##....#
#.# #####.##....# #.#
............######.#
...##.##......)†@@g# ..
#..###########.##########
. .... #...........#
###.#. #...........# ...#
#...........# #. #
##.########## ..
#..........# #......@...#
...........#


You could see Sigmund and a gnoll.

Vanquished Creatures
  Robin (D:2)
  A gnoll (D:2)
  A worm (D:2)
  3 dart slugs (D:1)
  A bat (D:1)
  4 endoplasms (D:1)
  10 goblins
  8 hobgoblins
  2 quokkas
  3 ball pythons (D:1)
  A frilled lizard (D:1)
  4 kobolds (D:1)
  4 rats (D:1)
43 creatures vanquished.

Notes
Turn   | Place    | Note
-------+----------+-------------------------------------------
     0 | D:1      | Persephone the Demonspawn Berserker began the quest for the
                  | Orb.
     0 | D:1      | Reached XP level 1. HP: 18/18 MP: 1/1
    56 | D:1      | Reached skill level 3 in Axes
   100 | D:1      | Gained mutation: You are surrounded by a mild repulsion
                  | field. (EV +2) [demonic ancestry]
   100 | D:1      | Reached XP level 2. HP: 24/24 MP: 2/2
   373 | D:1      | Reached ** piety under Trog
   464 | D:1      | Gained mutation: Spells you cast may paralyse adjacent
                  | enemies. [demonic ancestry]
   464 | D:1      | Reached XP level 3. HP: 29/29 MP: 3/3
   844 | D:2      | Noticed Robin
   849 | D:2      | Reached skill level 4 in Axes
   860 | D:2      | Killed Robin
  1064 | D:2      | Noticed Sigmund
  1086 | D:2      | Reached XP level 4. HP: 30/35 MP: 4/4
  1104 | D:2      | HP: 1/35 [Sigmund/+0 scythe (2)]
  1109 | D:2      | Killed from afar by Sigmund

Illustrated notes

Levels and vault maps discovered:
D:1:      matt_arrival_grand_opening, layout_loops_ring,
          hangedman_abyss_or_decor_lesser_grid, minmay_tree_intersection
D:2:      layout_basic, shapermc_ecumenical_altar_pompeii,
          minmay_tiny_reverse_x, uniq_jessica, uniq_sigmund, uniq_robin

Skill      XL: |  1  2  3 |
---------------+----------+-----
Axes           | 3 4 |  4.5
Fighting       | |  3.0
Armour         | |  1.7
Dodging        | |  1.7

Action                     |  1- 3 |  4- 6 || total
---------------------------+-------+-------++-------
  Melee: Hand axe          |   133 |    12 ||   145
         Punch             |     1 |       ||     1
    Use: Potion            |     1 |     1 ||     2
 Armour: Scale mail        |    50 |    25 ||    75
         Leather armour    |     4 |       ||     4
         Animal skin       |     1 |       ||     1
  Dodge: Dodged            |    83 |    12 ||    95

Table legend: (Time is in decaauts)
 A = Elapsed time spent in this place.
 B = Non-inter-level travel time spent in this place.
 C = Inter-level travel time spent in this place.
 D = Time resting spent in this place.
 E = Time spent auto-exploring this place.
 F = Levels seen in this place.
 G = Mean time per level.
                   A        B        C        D        E       F      G
               +--------+--------+--------+--------+--------+-----+--------+
         Total |   1124 |   1082 |     42 |      0 |    736 |   2 |  562.0 |
       Dungeon |   1124 |   1082 |     42 |      0 |    736 |   2 |  562.0 |
               +--------+--------+--------+--------+--------+-----+--------+

Top non-repeatable levels by time:
     D:1: 807 daAuts
     D:2: 317 daAuts
